 Dungeon Crawl Stone Soup version 0.28-a0-724-g66f9036eb4 (webtiles) character file.

Game seed: 10845387378918542970

27 Lekart the Gusty (level 2, -1/20 HPs)
             Began as a Draconian Air Elementalist on Oct 26, 2021.
             Slain by Natasha (2 damage)
             ... on level 2 of the Dungeon.
             The game lasted 00:02:28 (1524 turns).

Lekart the Gusty (Draconian Air Elementalist)       Turns: 1524, Time: 00:02:28

Health: -1/20      AC:  4    Str: 10    XL:     2   Next: 93%
Magic:  0/5        EV: 12    Int: 15    God:
Gold:   27         SH:  0    Dex: 11    Spells: 3/6 levels left

rFire   . . .      SeeInvis .   (no weapon)
rCold   . . .      Faith    .   (no shield)
rNeg    . . .      Spirit   .   (armour unavailable)
rPois   .          Reflect  .   (helmet restricted)
rElec   .          Harm     .   (no cloak)
rCorr   .          Rampage  .   (no gloves)
Will    .....                   (no boots)
Stlth   ++........              (no amulet)
HPRegen 0.06/turn               (no ring)
MPRegen 0.09/turn               (no ring)

@: very slightly contaminated, slowed, very slow
A: AC +4, unfitting armour, cold-blooded
a: no special abilities


You were on level 2 of the Dungeon.
You visited 1 branch of the dungeon, and saw 2 of its levels.

You collected 27 gold pieces.

Inventory:

Scrolls
 a - a scroll of identify {unknown}
 b - a scroll of enchant armour {unknown}


   Skills:
 + Level 2.0 Dodging
 + Level 1.8 Stealth
 + Level 0.1 Unarmed Combat
 + Level 2.5 Spellcasting
 + Level 1.1 Conjurations
 + Level 3.4 Air Magic


You had 3 spell levels left.
You knew the following spells:

 Your Spells              Type           Power      Damage    Failure   Level
a - Shock                 Conj/Air       32%        1d5       9%          1
b - Static Discharge      Conj/Air       8%         N/A       12%         2

Your spell library contained the following spells:

 Spells                   Type           Power      Damage    Failure   Level
 Swiftness                Air            12%        N/A       16%         3
 Gell's Gravitas          Tloc           0%         N/A       54%         3
 Lesser Beckoning         Tloc           1%         N/A       54%         3
 Teleport Other           Tloc           1%         N/A       54%         3
 Airstrike                Air            6%         N/A       45%         4


Dungeon Overview and Level Annotations

Branches:
Dungeon (2/15)

Altars:

Annotations:
D:2 Natasha


Innate Abilities, Weirdness & Mutations

Your plain brown scales are hard. (AC +4)
You cannot fit into any form of body armour.
You are cold-blooded and may be slowed by cold attacks.


Message History

Confirm with . or Enter, or press ? or * to list all spells.
Aiming: Shock (safe; 9% risk of failure)
Press: ? - help, Shift-Dir - straight line, f/p - Natasha
Aim: Natasha, carrying a wand of digging (8) (severely wounded, 60% to hit)
You miscast Shock.
You are very lightly contaminated with residual magic.
Nothing appears to happen.
The white imp hits you but does no damage.
Natasha stares at you and mumbles some strange words.
You feel as though you will be slow longer.
The white imp misses you.
Casting: Shock (safe; 9% risk of failure)
Confirm with . or Enter, or press ? or * to list all spells.
Aiming: Shock (safe; 9% risk of failure)
Press: ? - help, Shift-Dir - straight line, f/p - Natasha
Aim: Natasha, carrying a wand of digging (8) (severely wounded, 60% to hit)
The zap hits Natasha.
Natasha is almost dead.
The zap hits the shadow imp.
The shadow imp is moderately wounded.
Natasha claws you. The crimson imp hits you.
* * * LOW HITPOINT WARNING * * *
The white imp closely misses you. Natasha claws you.
* * * LOW HITPOINT WARNING * * *
The shadow imp hits you but does no damage.
You aren't carrying any potions.
Okay, then.
You closely miss Natasha.
Your tail-slap misses Natasha.
Natasha is almost dead.
The crimson imp shouts, "Slither hence, thou vain common-kissing mendicant!"
The crimson imp hits you.
* * * LOW HITPOINT WARNING * * *
The white imp barely misses you. Natasha completely misses you.
The shadow imp closely misses you.
The crimson imp hits you but does no damage.
The white imp misses you.
You closely miss Natasha.
Natasha is almost dead.
Natasha claws you.
You die...

.#.....
..#.....
........
##......
##.....##
##.......#
#........#
#.5h5...#
##.@...##
#..5.....#
#..........
#.......#..
#.......# .
##.....##
##...##
#####


You could see Natasha, a crimson imp (summoned), a white imp (summoned) and a
shadow imp (summoned).

Vanquished Creatures
  A dart slug (D:1)
  An endoplasm (D:1)
  A giant cockroach (D:1)
  5 goblins (D:1)
  6 hobgoblins (D:1)
  2 kobolds (D:1)
  A ball python (D:1)
  2 bats (D:1)
  A frilled lizard (D:1)
  2 rats (D:1)
22 creatures vanquished.

Notes
Turn   | Place    | Note
-------+----------+-------------------------------------------
     0 | D:1      | Lekart the Draconian Air Elementalist began the quest for
                  | the Orb.
     0 | D:1      | Reached XP level 1. HP: 14/14 MP: 3/3
   404 | D:1      | Reached XP level 2. HP: 20/20 MP: 1/5
   716 | D:1      | Learned a level 2 spell: Static Discharge
  1451 | D:2      | Noticed Natasha
  1452 | D:2      | Noticed a crimson imp
  1455 | D:2      | Noticed a crimson imp
  1513 | D:2      | Noticed a crimson imp
  1523 | D:2      | HP: 1/20 [crimson imp[Natasha] (1)]
  1524 | D:2      | Slain by Natasha

Illustrated notes

Levels and vault maps discovered:
D:1:      matt_arrival_los_fun, layout_basic
D:2:      layout_rooms, grunt_ministairs_6, minmay_misc_feat_square,
          uniq_terence, uniq_natasha

Skill      XL: |  1  2 |
---------------+-------+-----
Dodging        | 2 |  2.0
Stealth        | |  1.8
Unarmed Combat | |  0.1
Spellcasting   | |  2.5
Conjurations   | |  1.1
Air Magic      | |  3.4

Action                   || total
-------------------------++-------
Melee: Unarmed           ||    22
       Tailslap          ||     2
 Cast: Shock             ||    45
Armor: Skin              ||     7
Dodge: Dodged            ||    18

Table legend: (Time is in decaauts)
 A = Elapsed time spent in this place.
 B = Non-inter-level travel time spent in this place.
 C = Inter-level travel time spent in this place.
 D = Time resting spent in this place.
 E = Time spent auto-exploring this place.
 F = Levels seen in this place.
 G = Mean time per level.
                   A        B        C        D        E       F      G
               +--------+--------+--------+--------+--------+-----+--------+
         Total |   1529 |   1497 |     32 |     49 |   1313 |   2 |  764.5 |
       Dungeon |   1529 |   1497 |     32 |     49 |   1313 |   2 |  764.5 |
               +--------+--------+--------+--------+--------+-----+--------+

Top non-repeatable levels by time:
     D:1: 1501 daAuts
     D:2: 27 daAuts
